 Dungeon Crawl Stone Soup version 0.29.1-12-g30fa7ad0bf (webtiles) character file.

Game seed: 6574034371160972527

10427 Legno the Severer (level 11, -2/101 HPs)
             Began as a Minotaur Berserker on Dec 12, 2022.
             Was an Elder of Trog.
             Slain by a seven-headed hydra (4 damage)
             ... on level 1 of the Lair of Beasts.
             The game lasted 01:14:18 (10733 turns).

Legno the Severer (Minotaur Berserker)             Turns: 10733, Time: 01:14:19

Health: -2/101     AC: 18    Str: 26    XL:     11   Next: 36%
Magic:  10/10      EV: 11    Int:  4    God:    Trog [****..]
Gold:   374        SH:  0    Dex: 10    Spells: 10/10 levels left

rFire   . . .      SeeInvis .   a - +5 war axe
rCold   . . .      Faith    .   (no shield)
rNeg    . . .      Spirit   .   l - +5 scale mail
rPois   .          Reflect  .   (helmet restricted)
rElec   .          Harm     .   e - +0 cloak
rCorr   .          Rampage  .   (no gloves)
Will    .....                   E - +2 pair of boots
Stlth   ..........              F - amulet of regeneration
HPRegen 1.06/turn               o - +4 ring of slaying
MPRegen 0.12/turn               (no ring)

@: on berserk cooldown, slowed, very slow
A: horns 2, retaliatory headbutt
a: Renounce Religion, Berserk, Trog's Hand, Brothers in Arms


You were on level 1 of the Lair of Beasts.
You worshipped Trog.
Trog was greatly pleased with you.
You visited 2 branches of the dungeon, and saw 10 of its levels.

You collected 704 gold pieces.
You spent 330 gold pieces at shops.

Inventory:

Hand Weapons
 a - a +5 war axe (weapon)
 b - a +0 sling of flaming
Missiles
 m - 51 stones (quivered)
Armour
 e - a +0 cloak (worn)
 l - a +5 scale mail (worn)
 w - a scarf of invisibility
 E - a +2 pair of boots (worn)
Jewellery
 o - a +4 ring of slaying (left hand)
 y - an amulet of reflection
 D - a ring of fire
 F - an amulet of regeneration (around neck)
Wands
 c - a wand of roots (4)
 p - a wand of paralysis (10)
 x - a wand of light (10)
 z - a wand of polymorph (6)
Scrolls
 n - a scroll of identify
 q - 2 scrolls of fear
 s - 2 scrolls of butterflies
 t - a scroll of brand weapon {unknown}
 v - 2 scrolls of teleportation
 A - 2 scrolls of enchant armour
 G - a scroll of blinking
Potions
 d - a potion of ambrosia {unknown}
 f - 3 potions of berserk rage
 g - 3 potions of flight
 h - 2 potions of magic {unknown}
 i - 4 potions of might
 j - a potion of haste {unknown}
 k - 3 potions of curing
 r - a potion of brilliance {unknown}
 u - 4 potions of mutation {unknown}
 B - 2 potions of attraction {unknown}
 C - a potion of heal wounds {unknown}
 I - 2 potions of lignification {unknown}
Miscellaneous
 H - a piece from Xom's chessboard (15/15)
 J - a phantom mirror


   Skills:
 + Level 10.5 Fighting
 - Level 16.4 Axes
 + Level 10.1 Armour
 - Level 2.1 Dodging


You had 10 spell levels left.
You didn't know any spells.
Your spell library was empty.

Dungeon Overview and Level Annotations

Branches:
Dungeon (9/15)             Temple (0/1) D:5            Lair (1/5) D:9
    Orc: D:9-12

Altars:
Ashenzari
Elyvilon
Uskayaw

Shops:
D:3 ***(!

Annotations:
Lair:1 Grum


Innate Abilities, Weirdness & Mutations

You have a pair of horns on your head.
You reflexively headbutt those who attack you in melee.


Message History

The seven-headed hydra bites you but does no damage.
The seven-headed hydra barely misses you.
Grum hits you but does no damage.
Grum hits you from afar with a -1 halberd of protection!
The seven-headed hydra bites you!
* * * LOW HITPOINT WARNING * * *
The seven-headed hydra bites you but does no damage. x3
The seven-headed hydra bites you.
* * * LOW HITPOINT WARNING * * *
The seven-headed hydra bites you.
* * * LOW HITPOINT WARNING * * *
The seven-headed hydra barely misses you.
Grum hits you from afar with a -1 halberd of protection!
Keep disrobing? [Y]es or [N]o only, please.
Keep disrobing?
You stop removing your armour.
* * * LOW HITPOINT WARNING * * *
The seven-headed hydra bites you!
* * * LOW HITPOINT WARNING * * *
The seven-headed hydra closely misses you.
The seven-headed hydra bites you but does no damage.
The seven-headed hydra barely misses you.
The seven-headed hydra bites you but does no damage.
The seven-headed hydra barely misses you.
The seven-headed hydra bites you but does no damage.
Grum hits you but does no damage.
Blink to where?
Press: ? - help, Dir - move target
Okay, then.
Unknown command.
Unknown command.
The seven-headed hydra bites you.
* * * LOW HITPOINT WARNING * * *
The seven-headed hydra bites you but does no damage.
The seven-headed hydra bites you.
* * * LOW HITPOINT WARNING * * *
The seven-headed hydra bites you but does no damage.
The seven-headed hydra bites you.
You die...

.............
P...........
#...........
##...........
#..........
#......>#
#.......##
#...<....#
####...@...#.♣
.......D...♣
.......g...♣♣ ♣
............♣♣♣♣♣..
.............♣.P.♣
#..............♣
###...........♣♣
..#...........♣♣
......[........♣♣♣
.♣ ♣


You could see a seven-headed hydra and Grum.

Vanquished Creatures
  8 death yaks
  2 cane toads (Lair:1)
  A troll (D:9)
  A shadow (D:9)
  5 yaks (D:8)
  A wyvern (D:7)
  2 steam dragons
  2 water moccasins
  3 ice beasts
  An orc warrior (D:8)
  A black bear (D:6)
  3 wolves (Lair:1)
  An ogre (D:7)
  2 centaurs
  2 phantoms
  3 kobold brigands
  2 necrophages (D:5)
  A gnoll sergeant (D:9)
  6 bullfrogs
  A scorpion (D:7)
  4 wights (D:9)
  8 killer bees
  3 howler monkeys
  A jelly (D:6)
  An orc priest (D:4)
  A gnoll bouda (D:7)
  7 hounds
  4 iguanas
  7 orc wizards
  Robin (D:2)
  20 gnolls
  7 adders
  A white imp (D:6)
  2 ufetubi (D:6)
  2 worms (D:2)
  3 dart slugs
  23 orcs
  10 endoplasms
  2 giant cockroaches
  10 hobgoblins
  16 kobolds
  6 quokkas
  6 ball pythons
  8 bats
  2 frilled lizards (D:2)
  15 goblins
  4 rats
222 creatures vanquished.

Vanquished Creatures (others)
  40 plants
40 creatures vanquished.

Grand Total: 262 creatures vanquished

Notes
Turn   | Place    | Note
-------+----------+-------------------------------------------
     0 | D:1      | Legno the Minotaur Berserker began the quest for the Orb.
     0 | D:1      | Reached XP level 1. HP: 19/19 MP: 0/0
   259 | D:1      | Reached skill level 4 in Axes
   480 | D:1      | Reached XP level 2. HP: 17/26 MP: 1/1
   839 | D:1      | Found a faded altar of an unknown god.
  1068 | D:1      | Reached skill level 5 in Axes
  1317 | D:1      | Reached XP level 3. HP: 29/31 MP: 2/2
  1538 | D:2      | Reached ** piety under Trog
  2096 | D:2      | Reached skill level 6 in Axes
  2096 | D:2      | Reached XP level 4. HP: 29/39 MP: 3/3
  2223 | D:2      | Noticed Robin
  2407 | D:2      | Killed Robin
  2843 | D:3      | Found Pysehofo's General Store.
  2888 | D:3      | Found Ryott's Assorted Antiques.
  3112 | D:3      | Found Goucesar's Antique Weapon Shop.
  3207 | D:3      | Found Voaptoxo's Distillery.
  3294 | D:3      | Found Akaolav's Assorted Antiques.
  4053 | D:4      | Reached *** piety under Trog
  4054 | D:4      | Reached skill level 7 in Axes
  4054 | D:4      | Reached XP level 5. HP: 43/45 MP: 4/4
  4459 | D:4      | Reached skill level 8 in Axes
  4463 | D:4      | Reached XP level 6. HP: 49/51 MP: 5/5
  4926 | D:5      | Entered Level 5 of the Dungeon
  5056 | D:5      | Reached skill level 9 in Axes
  5063 | D:5      | Reached XP level 7. HP: 57/57 MP: 6/6
  5136 | D:5      | Reached skill level 10 in Axes
  5340 | D:5      | Reached skill level 11 in Axes
  5509 | D:5      | Found a staircase to the Ecumenical Temple.
  6392 | D:6      | Reached XP level 8. HP: 56/64 MP: 7/7
  6440 | D:6      | Reached skill level 12 in Axes
  6972 | D:6      | Reached skill level 13 in Axes
  6997 | D:6      | Found a white marble altar of Elyvilon.
  7535 | D:7      | Reached skill level 14 in Axes
  7557 | D:7      | Found a hide-covered altar of Uskayaw.
  7558 | D:7      | Found a broken altar of Ashenzari.
  7587 | D:7      | Reached XP level 9. HP: 42/70 MP: 8/8
  7787 | D:7      | Found a sand-covered staircase.
  7803 | D:8      | Reached skill level 15 in Axes
  7820 | D:8      | Reached skill level 16 in Axes
  8713 | D:3      | Bought an amulet of regeneration for 330 gold pieces
  9327 | D:9      | Noticed a troll
  9387 | D:9      | Reached **** piety under Trog
  9546 | D:9      | Identified the +1 robe of Impermeability {rElec Regen+
                  | Str+4 Stlth-}
  9612 | D:9      | Reached skill level 5 in Fighting
  9612 | D:9      | Reached XP level 10. HP: 81/81 MP: 9/9
  9723 | D:9      | Reached skill level 5 in Armour
  9874 | D:9      | Found a staircase to the Lair.
  9875 | D:9      | Noticed a death yak
  9875 | D:9      | Noticed a death yak
  9875 | D:9      | Noticed a death yak
  9875 | D:9      | Noticed a death yak
  9875 | D:9      | Noticed a death yak
  9876 | D:9      | Noticed a death yak
  9876 | D:9      | Noticed a death yak
  9891 | D:8      | Killed a death yak
 10125 | D:9      | Killed a death yak
 10132 | D:9      | Noticed a death yak
 10269 | D:9      | Killed a death yak
 10319 | D:9      | Killed a death yak
 10324 | D:9      | Killed a death yak
 10325 | D:9      | Reached XP level 11. HP: 93/97 MP: 10/10
 10382 | D:9      | Killed a death yak
 10389 | D:9      | Killed a death yak
 10396 | D:9      | Killed a death yak
 10397 | D:9      | Reached skill level 10 in Fighting
 10647 | Lair:1   | Entered Level 1 of the Lair of Beasts
 10677 | Lair:1   | Reached skill level 10 in Armour
 10698 | Lair:1   | Noticed Grum
 10706 | Lair:1   | Noticed a seven-headed hydra
 10733 | Lair:1   | HP: 2/101 [seven-headed hydra (6)]
 10733 | Lair:1   | Slain by a seven-headed hydra

Illustrated notes

Levels and vault maps discovered:
D:1:      matt_arrival_spirals, layout_basic,
          shapermc_ecumenical_altar_starsandcircs, serial_bayou_ford_a,
          minmay_crystal_room, minmay_heptomino_d4
D:2:      layout_loops_cross, uniq_robin
D:3:      layout_basic, serial_shops, nicolae_shop_waterfront,
          nicolae_shop_trees, nicolae_shop_hallway_plus, shop,
          nicolae_shop_stone, kennysheep_generic_room_3
D:4:      layout_basic, serial_bayou, serial_bayou_pond_c, serial_bayou_lake_a,
          serial_bayou_crossing, serial_bayou_shore_b
D:5:      minmay_recursive_quarters, layout_cave_pods, minmay_temple_entry_mist,
          minmay_misc_feat_pillars, kennysheep_generic_room_15
D:6:      layout_gridville, mainiacjoe_overflow_paths
D:7:      layout_cave_pools, chequers_temple_overflow_statue_of_worship,
          nicolae_ossuary_entry_false_entrances
D:8:      layout_loops_ring, lightli_minifort
D:9:      layout_loops_ring, dpeg_lair_monsters
Lair:1:   wad_woods_04, layout_regular_city,
          portal_ice_cave_entry_ice_simulacra, uniq_grum, uniq_amaemon

Skill      XL: |  1  2  3  4  5  6  7  8  9 10 11 |
---------------+----------------------------------+-----
Axes           | 4 5 6 7 8 9 11 14 16 | 16.4
Fighting       | 5 9 10 | 10.5
Armour         | 4 8 10 | 10.1
Dodging        | |  2.1

Action                   |  1- 3 |  4- 6 |  7- 9 | 10-12 || total
-------------------------+-------+-------+-------+-------++-------
Melee: Hand axe          |    96 |    86 |    37 |       ||   219
       Headbutt          |    15 |    18 |    37 |    25 ||    95
       War axe           |       |       |   163 |   102 ||   265
       Punch             |       |       |     4 |     2 ||     6
 Fire: Sling             |    12 |     7 |       |       ||    19
Invok: Berserk           |       |     5 |     9 |     6 ||    20
       Trog's Hand       |       |       |     1 |     3 ||     4
  Use: Scroll            |     3 |     5 |     9 |     4 ||    21
       Potion            |       |       |     1 |       ||     1
 Stab: Distracted        |     1 |       |       |       ||     1
Armor: Animal skin       |    19 |     5 |       |       ||    24
       Scale mail        |       |    41 |    86 |    52 ||   179
Dodge: Dodged            |    77 |    51 |    80 |    43 ||   251
